Calgary Flames vs Edmonton Oilers
Created - Monday, June 3, 2024 at 07:00
Goals
|
| Calgary Flames |
0 |
0 |
2 |
2 |
| Edmonton Oilers |
1 |
2 |
1 |
4 |
|
Shots
|
| Calgary Flames |
14 |
6 |
10 |
30 |
| Edmonton Oilers |
8 |
17 |
7 |
32 |
|
1st period
1. Edmonton Oilers , David Perron 24 (Scott Mayfield 9, Jake DeBrusk 33) at 18:01
Penalties :
No Penalty
2nd period
2. Edmonton Oilers , Tanner Jeannot 7 (Rasmus Ristolainen 10, Dawson Mercer 15) at 8:20
3. Edmonton Oilers , David Perron 25 (Jake DeBrusk 34, Brandon Carlo 13) at 13:03
Penalties :
Scott Mayfield (EDM) for Hooking (Minor) at 2:24, Scott Mayfield (EDM) for Charging (Minor) at 19:12
3rd period
4. Calgary Flames , Drew Doughty 9 (Sebastian Aho 55, Zach Hyman 46) at 0:12 (PP)
5. Calgary Flames , Timo Meier 23 (Sebastian Aho 56, Zach Hyman 47) at 2:40 (PP)
6. Edmonton Oilers , Adrian Kempe 31 (Blake Wheeler 24, Brett Pesce 18) at 18:59 (Empty Net)
Penalties :
David Perron (EDM) for Holding Stick (Minor) at 1:50, Jacob Middleton (CGY) for Hooking (Minor) at 8:48, Boone Jenner (EDM) for Hooking (Minor) at 8:54, Adrian Kempe (EDM) for Holding (Minor) at 9:32, Jacob Middleton (CGY) for Hooking (Minor) at 13:50
Goalie Stats
Ilya Sorokin (CGY), 28 saves from 31 shots - (0.903), L, 34-16-3, 59:34 minutes
Juuse Saros (EDM), 28 saves from 30 shots - (0.933), W, 39-25-5, 60:00 minutes
Players Stats for Calgary Flames
Player Name G A P +/- PIM S H SB GA TA FO MP PP MP PK MP
------------------------------------------------------------------------------------
Cole Sillinger 0 0 0 0 0 1 1 0 0 0 2/4 8:23 0:00 0:03
Drew Doughty 1 0 1 -2 0 2 0 2 0 1 0/0 22:30 2:13 1:02
Garnet Hathaway 0 0 0 0 0 3 0 0 0 0 0/0 8:29 0:02 0:00
J.T. Miller 0 0 0 -1 0 3 3 0 0 0 15/26 18:26 2:17 1:03
Jacob Middleton 0 0 0 0 4 0 2 1 1 0 0/0 15:14 0:01 0:00
Jeff Petry 0 0 0 -2 0 0 3 2 0 1 0/0 18:56 0:00 0:00
Joel Eriksson Ek 0 0 0 0 0 2 1 0 0 0 2/3 17:15 2:17 0:59
Kris Letang 0 0 0 -1 0 1 2 1 0 0 0/0 20:36 2:13 1:02
Matthew Tkachuk 0 0 0 -1 0 2 1 2 1 2 0/1 16:37 2:17 0:05
Michael Anderson 0 0 0 -2 0 0 1 1 0 0 0/0 21:25 2:20 1:03
Nic Dowd 0 0 0 -3 0 3 1 1 0 0 3/13 15:24 0:14 1:01
Oliver Bjorkstrand 0 0 0 -3 0 3 1 1 2 0 0/0 14:18 0:09 0:00
Rafael Harvey-Pinard 0 0 0 -3 0 1 0 1 0 0 1/2 13:54 0:00 0:00
Rasmus Andersson 0 0 0 -1 0 1 1 1 1 1 0/0 21:25 2:20 1:03
Sebastian Aho 0 2 2 -1 0 3 0 2 1 0 13/23 19:04 2:09 0:59
Timo Meier 1 0 1 0 0 3 3 0 0 1 2/3 17:50 2:06 0:00
Yakov Trenin 0 0 0 0 0 0 0 0 0 0 0/1 8:12 0:00 0:00
Zach Hyman 0 2 2 0 0 2 2 0 0 0 0/0 18:02 2:07 0:00
Players Stats for Edmonton Oilers
Player Name G A P +/- PIM S H SB GA TA FO MP PP MP PK MP
------------------------------------------------------------------------------------
Adrian Kempe 1 0 1 1 2 2 1 0 0 0 3/6 16:43 1:04 1:52
Alex Iafallo 0 0 0 0 0 0 1 0 1 0 1/2 14:36 0:00 1:05
Blake Wheeler 0 1 1 0 0 1 2 0 0 0 2/12 13:53 0:00 0:00
Boone Jenner 0 0 0 1 2 2 2 1 1 0 11/19 17:32 1:03 2:18
Brandon Carlo 0 1 1 1 0 3 4 0 1 1 0/0 21:59 1:10 2:39
Brett Pesce 0 1 1 2 0 1 0 0 0 0 0/0 16:15 0:00 0:00
Brock Boeser 0 0 0 1 0 5 1 3 1 0 2/5 18:30 1:04 2:39
David Perron 2 0 2 2 2 4 0 0 0 1 0/0 15:58 1:01 0:00
Dawson Mercer 0 1 1 1 0 1 1 0 1 0 2/9 9:19 0:00 0:29
Derek Grant 0 0 0 1 0 2 0 0 0 0 0/0 8:40 0:00 0:00
Evan Bouchard 0 0 0 1 0 3 2 0 0 1 0/0 21:46 0:55 3:09
Jacob Trouba 0 0 0 1 0 0 2 0 0 1 0/0 21:59 1:10 2:39
Jake DeBrusk 0 2 2 2 0 2 0 0 1 0 0/1 15:59 1:01 0:00
Jeff Carter 0 0 0 0 0 0 1 0 0 0 0/0 13:30 0:00 0:00
Mikael Backlund 0 0 0 2 0 0 1 0 0 0 17/22 18:11 1:01 1:52
Rasmus Ristolainen 0 1 1 1 0 4 1 1 0 1 0/0 21:46 0:55 3:09
Scott Mayfield 0 1 1 2 4 1 3 0 0 1 0/0 16:52 0:00 0:00
Tanner Jeannot 1 0 1 1 0 1 4 0 0 0 0/0 8:40 0:00 0:00
3 Stars
1 - David Perron (EDM)
2 - Tanner Jeannot (EDM)
3 - Jake DeBrusk (EDM)
Power Play
Calgary Flames - 2 on 5 Attempt(s) - 40.00%
Edmonton Oilers - 0 on 2 Attempt(s) - 0.00%
Penalty Kill
Calgary Flames - 2 on 2 Attempt(s) - 100.00%
- Score 0 goal in Penalty Kill
Edmonton Oilers - 3 on 5 Attempt(s) - 60.00%
- Score 0 goal in Penalty Kill
Team Stat
Calgary Flames - Hits : 22 - Faceoff Wins : 38 - Blocked Shots : 15 - Penalty Minutes : 4
Edmonton Oilers - Hits : 26 - Faceoff Wins : 38 - Blocked Shots : 5 - Penalty Minutes : 10
Official
Referees : Brian Pochmara and Brad Watson
Linesman : Jay Sharrers and Pierre Racicot
Game Notes
Adrian Kempe has scored in a empty net!
Finance
Level 1 -- Attendance: 6000 (100.00%) -- Ticket Income $540,000
Level 2 -- Attendance: 4965 (99.30%) -- Ticket Income $248,250
Level 3 -- Attendance: 2942 (98.07%) -- Ticket Income $88,260
Level 4 -- Attendance: 5000 (100.00%) -- Ticket Income $100,000
Luxury Box -- Attendance: 1000 (100.00%) -- Ticket Income $190,000
Game was played at the Rexall Place.
Total Attendance: 19907 (99.54%)
Total Ticket Income: $1,166,510
Other Income: $408,278
Total Income: $1,574,788
Calgary Flames
5 vs 5 Forward
Center Left Wing Right Wing Time % Phy DF OF
1 J.T. Miller Matthew Tkachuk Joel Eriksson Ek 31 0 2 3
2 Sebastian Aho Zach Hyman Timo Meier 30 0 2 3
3 Nic Dowd Rafael Harvey-Pinard Oliver Bjorkstrand 29 0 2 3
4 Cole Sillinger Garnet Hathaway Yakov Trenin 10 1 3 1
5 vs 5 Defense
Defense Defense Time % Phy DF OF
1 Drew Doughty Rasmus Andersson 35 1 3 1
2 Jeff Petry Michael Anderson 35 1 3 1
3 Jacob Middleton Kris Letang 30 1 3 1
4 Kris Letang Drew Doughty 0 1 3 1
PowerPlay Forward
Center Left Wing Right Wing Time % Phy DF OF
1 J.T. Miller Matthew Tkachuk Joel Eriksson Ek 50 0 0 5
2 Sebastian Aho Zach Hyman Timo Meier 50 0 0 5
PowerPlay Defense
Defense Defense Time % Phy DF OF
1 Kris Letang Drew Doughty 50 0 0 5
2 Rasmus Andersson Michael Anderson 50 0 0 5
Penalty Kill 4 Players Forward
Center Wing Time % Phy DF OF
1 Joel Eriksson Ek Sebastian Aho 50 0 5 0
2 J.T. Miller Nic Dowd 50 0 5 0
Penalty Kill 4 Players Defense
Defense Defense Time % Phy DF OF
1 Kris Letang Drew Doughty 50 0 5 0
2 Rasmus Andersson Michael Anderson 50 0 5 0
Penalty Kill - 3 Players Forward
Forward Time % Phy DF OF
1 J.T. Miller 50 0 5 0
2 Sebastian Aho 50 0 5 0
Penalty Kill - 3 Players Defense
Defense Defense Time % Phy DF OF
1 Kris Letang Drew Doughty 50 0 5 0
2 Michael Anderson Rasmus Andersson 50 0 5 0
4 vs 4 Forward
Center Wing Time % Phy DF OF
1 J.T. Miller Timo Meier 50 1 2 2
2 Sebastian Aho Zach Hyman 50 1 2 2
4 vs 4 Defense
Defense Defense Time % Phy DF OF
1 Kris Letang Drew Doughty 50 1 2 2
2 Rasmus Andersson Jeff Petry 50 1 2 2
Last Minutes Offensive
Center Left Wing Right Wing Defense Defense
J.T. Miller Matthew Tkachuk Sebastian Aho Kris Letang Drew Doughty
Last Minutes Defensive
Center Left Wing Right Wing Defense Defense
J.T. Miller Sebastian Aho Joel Eriksson Ek Jeff Petry Drew Doughty
Goaltenders
Starting : Ilya Sorokin
Backup : Samuel Montembeault
Extra Forwards
Normal : Nic Dowd, Joel Eriksson Ek, Sebastian Aho - PP : Nic Dowd, Joel Eriksson Ek - PK : Sebastian Aho
Extra Defensemen
Normal : Rasmus Andersson, Michael Anderson, Kris Letang - PP : Rasmus Andersson - PK : Michael Anderson, Kris Letang
Penalty Shots
J.T. Miller, Matthew Tkachuk, Sebastian Aho, Joel Eriksson Ek, Timo Meier
Edmonton Oilers
5 vs 5 Forward
Center Left Wing Right Wing Time % Phy DF OF
1 Boone Jenner Adrian Kempe Brock Boeser 30 1 2 2
2 Mikael Backlund Jake DeBrusk David Perron 30 1 2 2
3 Blake Wheeler Alex Iafallo Jeff Carter 25 1 2 2
4 Dawson Mercer Derek Grant Tanner Jeannot 15 1 2 2
5 vs 5 Defense
Defense Defense Time % Phy DF OF
1 Jacob Trouba Brandon Carlo 35 1 2 2
2 Evan Bouchard Rasmus Ristolainen 35 1 2 2
3 Brett Pesce Scott Mayfield 30 1 2 2
4 Jacob Trouba Brandon Carlo 0 1 2 2
PowerPlay Forward
Center Left Wing Right Wing Time % Phy DF OF
1 Boone Jenner Adrian Kempe Brock Boeser 50 1 2 2
2 Mikael Backlund Jake DeBrusk David Perron 50 1 2 2
PowerPlay Defense
Defense Defense Time % Phy DF OF
1 Jacob Trouba Brandon Carlo 50 1 2 2
2 Evan Bouchard Rasmus Ristolainen 50 1 2 2
Penalty Kill 4 Players Forward
Center Wing Time % Phy DF OF
1 Brock Boeser Boone Jenner 50 1 2 2
2 Adrian Kempe Mikael Backlund 50 1 2 2
Penalty Kill 4 Players Defense
Defense Defense Time % Phy DF OF
1 Jacob Trouba Brandon Carlo 50 1 2 2
2 Evan Bouchard Rasmus Ristolainen 50 1 2 2
Penalty Kill - 3 Players Forward
Forward Time % Phy DF OF
1 Brock Boeser 50 1 2 2
2 Boone Jenner 50 1 2 2
Penalty Kill - 3 Players Defense
Defense Defense Time % Phy DF OF
1 Jacob Trouba Brandon Carlo 50 1 2 2
2 Evan Bouchard Rasmus Ristolainen 50 1 2 2
4 vs 4 Forward
Center Wing Time % Phy DF OF
1 Brock Boeser Boone Jenner 50 1 2 2
2 Adrian Kempe Mikael Backlund 50 1 2 2
4 vs 4 Defense
Defense Defense Time % Phy DF OF
1 Jacob Trouba Brandon Carlo 50 1 2 2
2 Evan Bouchard Rasmus Ristolainen 50 1 2 2
Last Minutes Offensive
Center Left Wing Right Wing Defense Defense
Boone Jenner Adrian Kempe Brock Boeser Jacob Trouba Brandon Carlo
Last Minutes Defensive
Center Left Wing Right Wing Defense Defense
Boone Jenner Adrian Kempe Brock Boeser Jacob Trouba Brandon Carlo
Goaltenders
Starting : Juuse Saros
Backup : Matt Murray
Extra Forwards
Normal : Blake Wheeler, Jeff Carter, Alex Iafallo - PP : Blake Wheeler, Jeff Carter - PK : Alex Iafallo
Extra Defensemen
Normal : Brett Pesce, Scott Mayfield, Evan Bouchard - PP : Brett Pesce - PK : Scott Mayfield, Evan Bouchard
Penalty Shots
Brock Boeser, Boone Jenner, Adrian Kempe, Mikael Backlund, Jake DeBrusk
% Time on Ice - Calgary Flames
Lines # - Real PCT - Wanted PCT - Time Play
Normal Forward
1 - 27% - 31% - 13:59
2 - 30% - 30% - 15:15
3 - 27% - 29% - 13:54
4 - 16% - 10% - 8:12
Normal Defense
1 - 35% - 35% - 18:01
2 - 35% - 35% - 17:53
3 - 29% - 30% - 15:08
4 - 1% - 0% - 0:18
PP Forward
1 - 50% - 50% - 2:17
2 - 50% - 50% - 2:16
PP Defense
1 - 49% - 50% - 2:13
2 - 51% - 50% - 2:20
PK Forward
1 - 47% - 50% - 0:59
2 - 53% - 50% - 1:06
PK Defense
1 - 50% - 50% - 1:02
2 - 50% - 50% - 1:03
PK3 Forward
1 - 0% - 50%
2 - 0% - 50%
PK3 Defense
1 - 0% - 50%
2 - 0% - 50%
44 Forward
1 - 45% - 50% - 0:51
2 - 55% - 50% - 1:02
44 Defense
1 - 50% - 50% - 0:56
2 - 50% - 50% - 0:57
Last Minute Offensive - 0:09
Last Minute Defensive - 0:00
Total
Forward - 60:00
Defense - 60:00
|
% Time on Ice - Edmonton Oilers
Lines # - Real PCT - Wanted PCT - Time Play
Normal Forward
1 - 27% - 30% - 14:05
2 - 30% - 30% - 15:25
3 - 26% - 25% - 13:13
4 - 17% - 15% - 8:40
Normal Defense
1 - 34% - 35% - 17:32
2 - 34% - 35% - 17:42
3 - 31% - 30% - 16:09
4 - 0% - 0% - 0:00
PP Forward
1 - 51% - 50% - 1:04
2 - 49% - 50% - 1:01
PP Defense
1 - 56% - 50% - 1:10
2 - 44% - 50% - 0:55
PK Forward
1 - 52% - 50% - 2:18
2 - 48% - 50% - 2:09
PK Defense
1 - 46% - 50% - 2:03
2 - 54% - 50% - 2:24
PK3 Forward
1 - 26% - 50% - 0:21
2 - 74% - 50% - 1:00
PK3 Defense
1 - 44% - 50% - 0:36
2 - 56% - 50% - 0:45
44 Forward
1 - 58% - 50% - 0:22
2 - 42% - 50% - 0:16
44 Defense
1 - 100% - 50% - 0:38
2 - 0% - 50% - 0:00
Last Minute Offensive - 0:00
Last Minute Defensive - 0:06
Total
Forward - 60:00
Defense - 60:00
|
Play-by-Play
1st period
0:01 of 1st period - Boone Jenner wins face-off versus J.T. Miller in neutral zone.
0:04 of 1st period - Slapshot by Brock Boeser.
0:04 of 1st period - Shot Misses the Net.
0:22 of 1st period - Rasmus Andersson is hit by Brandon Carlo and loses puck.
0:41 of 1st period - Snap shot by Brock Boeser.
0:41 of 1st period - Deflect By Boone Jenner.
0:41 of 1st period - Shot Misses the Net.
0:41 of 1st period - Puck is out of play.
0:42 of 1st period - Mikael Backlund wins face-off versus Sebastian Aho in Calgary Flames zone.
1:00 of 1st period - Icing by Michael Anderson.
1:01 of 1st period - Sebastian Aho wins face-off versus Blake Wheeler in Calgary Flames zone.
1:14 of 1st period - Snap shot by Timo Meier.
1:14 of 1st period - Shot Misses the Net.
1:22 of 1st period - Wrist shot by Timo Meier.
1:22 of 1st period - Stopped by Juuse Saros without a rebound.
1:23 of 1st period - Dawson Mercer wins face-off versus Nic Dowd in Edmonton Oilers zone.
2:17 of 1st period - Brock Boeser is hit by Jeff Petry.
2:23 of 1st period - Wrist shot by Brock Boeser.
2:23 of 1st period - Shot Blocked by Sebastian Aho.
2:47 of 1st period - Icing by Oliver Bjorkstrand.
2:48 of 1st period - Mikael Backlund wins face-off versus Nic Dowd in Calgary Flames zone.
3:03 of 1st period - Wrist shot by Nic Dowd.
3:03 of 1st period - Stopped by Juuse Saros with a rebound.
3:07 of 1st period - Wrist shot by Oliver Bjorkstrand.
3:07 of 1st period - Stopped by Juuse Saros without a rebound.
3:08 of 1st period - Sebastian Aho wins face-off versus Dawson Mercer in Edmonton Oilers zone.
3:56 of 1st period - Off-side.
3:57 of 1st period - Mikael Backlund wins face-off versus J.T. Miller in neutral zone.
4:06 of 1st period - Snap shot by Jake DeBrusk.
4:06 of 1st period - Shot Blocked by Jacob Middleton.
4:08 of 1st period - Slapshot by Mikael Backlund.
4:08 of 1st period - Shot Misses the Net.
4:22 of 1st period - Snap shot by Brock Boeser.
4:22 of 1st period - Stopped by Ilya Sorokin without a rebound.
4:23 of 1st period - Boone Jenner wins face-off versus Nic Dowd in Calgary Flames zone.
4:28 of 1st period - Wrist shot by Brock Boeser.
4:28 of 1st period - Stopped by Ilya Sorokin with a rebound.
4:50 of 1st period - Drew Doughty is hit by Jacob Trouba and loses puck.
5:17 of 1st period - Mikael Backlund is hit by J.T. Miller and loses puck.
6:23 of 1st period - Evan Bouchard is hit by Jeff Petry and loses puck.
6:51 of 1st period - Wrist shot by J.T. Miller.
6:51 of 1st period - Stopped by Juuse Saros with a rebound.
7:06 of 1st period - Rasmus Andersson is hit by Scott Mayfield and loses puck.
7:35 of 1st period - Wrist shot by Boone Jenner.
7:35 of 1st period - Stopped by Ilya Sorokin with a rebound.
7:47 of 1st period - Drew Doughty is hit by Mikael Backlund and loses puck.
7:52 of 1st period - Snap shot by David Perron.
7:52 of 1st period - Stopped by Ilya Sorokin without a rebound.
7:53 of 1st period - Timo Meier wins face-off versus Blake Wheeler in Calgary Flames zone.
8:00 of 1st period - Jacob Middleton is hit by Blake Wheeler and loses puck.
8:11 of 1st period - Sebastian Aho is hit by Blake Wheeler and loses puck.
8:48 of 1st period - Mikael Backlund is hit by Kris Letang.
9:10 of 1st period - Tanner Jeannot is hit by Zach Hyman and loses puck.
9:44 of 1st period - Icing by Rafael Harvey-Pinard.
9:45 of 1st period - Boone Jenner wins face-off versus Yakov Trenin in Calgary Flames zone.
10:20 of 1st period - Snap shot by Kris Letang.
10:20 of 1st period - Deflect By Garnet Hathaway.
10:20 of 1st period - Stopped by Juuse Saros with a rebound.
10:22 of 1st period - Slapshot by Kris Letang.
10:22 of 1st period - Shot Misses the Net.
10:24 of 1st period - Slapshot by Kris Letang.
10:24 of 1st period - Stopped by Juuse Saros with a rebound.
10:26 of 1st period - Snap shot by Garnet Hathaway.
10:26 of 1st period - Stopped by Juuse Saros with a rebound.
10:28 of 1st period - Snap shot by Garnet Hathaway.
10:28 of 1st period - Stopped by Juuse Saros with a rebound.
10:56 of 1st period - Snap shot by Cole Sillinger.
10:56 of 1st period - Stopped by Juuse Saros without a rebound.
10:57 of 1st period - Mikael Backlund wins face-off versus Sebastian Aho in Edmonton Oilers zone.
10:57 of 1st period - Mikael Backlund is hit by Timo Meier.
11:03 of 1st period - Michael Anderson is hit by Jacob Trouba and loses puck.
11:22 of 1st period - Jacob Trouba is hit by J.T. Miller and loses puck.
11:28 of 1st period - Off-side.
11:29 of 1st period - Mikael Backlund wins face-off versus J.T. Miller in neutral zone.
11:50 of 1st period - Off-side.
11:51 of 1st period - Boone Jenner wins face-off versus Nic Dowd in neutral zone.
11:58 of 1st period - Snap shot by Nic Dowd.
11:58 of 1st period - Deflect By Oliver Bjorkstrand.
11:58 of 1st period - Shot Misses the Net.
11:58 of 1st period - Puck is out of play.
11:59 of 1st period - Rafael Harvey-Pinard wins face-off versus Boone Jenner in Edmonton Oilers zone.
12:02 of 1st period - Slapshot by Oliver Bjorkstrand.
12:02 of 1st period - Shot Blocked by Boone Jenner.
12:10 of 1st period - Snap shot by Nic Dowd.
12:10 of 1st period - Deflect By Rafael Harvey-Pinard.
12:10 of 1st period - Stopped by Juuse Saros without a rebound.
12:11 of 1st period - Mikael Backlund wins face-off versus Sebastian Aho in Edmonton Oilers zone.
12:45 of 1st period - Rasmus Andersson is hit by Tanner Jeannot.
12:51 of 1st period - Brandon Carlo is hit by Oliver Bjorkstrand and loses puck.
13:25 of 1st period - Icing by Jeff Carter.
13:26 of 1st period - Sebastian Aho wins face-off versus Blake Wheeler in Edmonton Oilers zone.
13:27 of 1st period - Wrist shot by Timo Meier.
13:27 of 1st period - Stopped by Juuse Saros without a rebound.
13:28 of 1st period - Sebastian Aho wins face-off versus Jake DeBrusk in Edmonton Oilers zone.
14:04 of 1st period - Snap shot by J.T. Miller.
14:04 of 1st period - Stopped by Juuse Saros with a rebound.
14:12 of 1st period - Oliver Bjorkstrand is hit by Adrian Kempe and loses puck.
14:19 of 1st period - Rafael Harvey-Pinard is hit by Boone Jenner.
15:16 of 1st period - Icing by Brock Boeser.
15:17 of 1st period - Adrian Kempe wins face-off versus Sebastian Aho in Edmonton Oilers zone.
15:17 of 1st period - Adrian Kempe is hit by Zach Hyman.
15:41 of 1st period - Wrist shot by Brock Boeser.
15:41 of 1st period - Stopped by Ilya Sorokin with a rebound.
15:43 of 1st period - Slapshot by Evan Bouchard.
15:43 of 1st period - Stopped by Ilya Sorokin with a rebound.
15:55 of 1st period - Slapshot by Brock Boeser.
15:55 of 1st period - Shot Blocked by Sebastian Aho.
15:57 of 1st period - Slapshot by Rasmus Ristolainen.
15:57 of 1st period - Shot Blocked by Jeff Petry.
15:59 of 1st period - Wrist shot by Adrian Kempe.
15:59 of 1st period - Shot Misses the Net.
16:01 of 1st period - Slapshot by Rasmus Ristolainen.
16:01 of 1st period - Deflect By Timo Meier.
16:01 of 1st period - Stopped by Ilya Sorokin without a rebound.
16:02 of 1st period - J.T. Miller wins face-off versus Mikael Backlund in Calgary Flames zone.
16:36 of 1st period - Icing by Rasmus Andersson.
16:37 of 1st period - Cole Sillinger wins face-off versus Mikael Backlund in Calgary Flames zone.
16:37 of 1st period - Cole Sillinger is hit by Brandon Carlo.
17:01 of 1st period - Wrist shot by Yakov Trenin.
17:01 of 1st period - Deflect By Cole Sillinger.
17:01 of 1st period - Shot Misses the Net.
17:01 of 1st period - Puck is out of play.
17:02 of 1st period - J.T. Miller wins face-off versus Blake Wheeler in Edmonton Oilers zone.
17:15 of 1st period - Backhand shot by Blake Wheeler.
17:15 of 1st period - Shot Blocked by Michael Anderson.
17:29 of 1st period - Sebastian Aho is hit by Tanner Jeannot and loses puck.
17:40 of 1st period - Slapshot by Zach Hyman.
17:40 of 1st period - Stopped by Juuse Saros with a rebound.
17:57 of 1st period - Wrist shot by David Perron.
17:57 of 1st period - Shot Misses the Net.
17:59 of 1st period - Backhand shot by Scott Mayfield.
17:59 of 1st period - Shot Blocked by Rafael Harvey-Pinard.
18:01 of 1st period - Backhand shot by David Perron.
18:01 of 1st period - Goal by David Perron - Calgary Flames : 0 - Edmonton Oilers : 1.
18:02 of 1st period - J.T. Miller wins face-off versus Blake Wheeler in neutral zone.
18:28 of 1st period - J.T. Miller is hit by Brandon Carlo and loses puck.
18:41 of 1st period - Snap shot by Matthew Tkachuk.
18:41 of 1st period - Shot Misses the Net.
18:55 of 1st period - Wrist shot by Sebastian Aho.
18:55 of 1st period - Stopped by Juuse Saros without a rebound.
18:56 of 1st period - Sebastian Aho wins face-off versus Mikael Backlund in Edmonton Oilers zone.
19:13 of 1st period - Snap shot by Jake DeBrusk.
19:13 of 1st period - Shot Misses the Net.
19:49 of 1st period - Brett Pesce is hit by Michael Anderson and loses puck.
Goals for this period are 0 for Calgary Flames vs 1 for Edmonton Oilers.
Shots for this period are 14 for Calgary Flames vs 8 for Edmonton Oilers.
2nd period
0:01 of 2nd period - Blake Wheeler wins face-off versus Nic Dowd in neutral zone.
0:04 of 2nd period - Wrist shot by Alex Iafallo.
0:04 of 2nd period - Shot Blocked by Nic Dowd.
0:10 of 2nd period - Snap shot by Alex Iafallo.
0:10 of 2nd period - Shot Misses the Net.
0:12 of 2nd period - Slapshot by Jeff Carter.
0:12 of 2nd period - Shot Misses the Net.
0:14 of 2nd period - Slapshot by Brandon Carlo.
0:14 of 2nd period - Stopped by Ilya Sorokin without a rebound.
0:15 of 2nd period - J.T. Miller wins face-off versus Dawson Mercer in Calgary Flames zone.
0:24 of 2nd period - Wrist shot by Matthew Tkachuk.
0:24 of 2nd period - Stopped by Juuse Saros with a rebound.
0:40 of 2nd period - Jacob Trouba is hit by Jacob Middleton and loses puck.
1:06 of 2nd period - Icing by Brett Pesce.
1:07 of 2nd period - Mikael Backlund wins face-off versus Sebastian Aho in Edmonton Oilers zone.
2:24 of 2nd period - Minor Penalty to Scott Mayfield for Hooking.
2:25 of 2nd period - J.T. Miller wins face-off versus Brock Boeser in Edmonton Oilers zone.
2:35 of 2nd period - J.T. Miller is hit by Boone Jenner.
2:54 of 2nd period - Off-side.
2:55 of 2nd period - Adrian Kempe wins face-off versus J.T. Miller in neutral zone.
2:58 of 2nd period - Wrist shot by Evan Bouchard.
2:58 of 2nd period - Shot Blocked by Rasmus Andersson.
4:24 of 2nd period - Penalty to Scott Mayfield is over, Scott Mayfield is back on ice.
5:18 of 2nd period - Wrist shot by Alex Iafallo.
5:18 of 2nd period - Shot Misses the Net.
6:13 of 2nd period - J.T. Miller is hit by Brandon Carlo and loses puck.
7:37 of 2nd period - Slapshot by Brandon Carlo.
7:37 of 2nd period - Stopped by Ilya Sorokin without a rebound.
7:38 of 2nd period - Cole Sillinger wins face-off versus Dawson Mercer in Calgary Flames zone.
7:42 of 2nd period - Off-side.
7:43 of 2nd period - J.T. Miller wins face-off versus Boone Jenner in neutral zone.
7:52 of 2nd period - Jacob Trouba is hit by Joel Eriksson Ek and loses puck.
8:09 of 2nd period - Drew Doughty is hit by Tanner Jeannot and loses puck.
8:16 of 2nd period - Snap shot by Dawson Mercer.
8:16 of 2nd period - Shot Blocked by Oliver Bjorkstrand.
8:18 of 2nd period - Slapshot by Rasmus Ristolainen.
8:18 of 2nd period - Shot Blocked by Drew Doughty.
8:20 of 2nd period - Snap shot by Tanner Jeannot.
8:20 of 2nd period - Goal by Tanner Jeannot - Calgary Flames : 0 - Edmonton Oilers : 2.
8:21 of 2nd period - J.T. Miller wins face-off versus Boone Jenner in neutral zone.
8:54 of 2nd period - Wrist shot by Jeff Carter.
8:54 of 2nd period - Shot Misses the Net.
8:56 of 2nd period - Slapshot by Jacob Trouba.
8:56 of 2nd period - Shot Misses the Net.
9:14 of 2nd period - Wrist shot by Sebastian Aho.
9:14 of 2nd period - Shot Misses the Net.
9:16 of 2nd period - Wrist shot by Zach Hyman.
9:16 of 2nd period - Stopped by Juuse Saros without a rebound.
9:17 of 2nd period - J.T. Miller wins face-off versus Adrian Kempe in Edmonton Oilers zone.
9:22 of 2nd period - Slapshot by J.T. Miller.
9:22 of 2nd period - Shot Blocked by Rasmus Ristolainen.
9:44 of 2nd period - Alex Iafallo is hit by Jacob Middleton and loses puck.
10:00 of 2nd period - Icing by Jacob Trouba.
10:01 of 2nd period - Blake Wheeler wins face-off versus Nic Dowd in Edmonton Oilers zone.
10:22 of 2nd period - Snap shot by Alex Iafallo.
10:22 of 2nd period - Shot Misses the Net.
10:24 of 2nd period - Slapshot by Brandon Carlo.
10:24 of 2nd period - Stopped by Ilya Sorokin without a rebound.
10:25 of 2nd period - Adrian Kempe wins face-off versus J.T. Miller in Calgary Flames zone.
10:26 of 2nd period - Wrist shot by Brock Boeser.
10:26 of 2nd period - Deflect By Adrian Kempe.
10:26 of 2nd period - Stopped by Ilya Sorokin without a rebound.
10:27 of 2nd period - Boone Jenner wins face-off versus J.T. Miller in Calgary Flames zone.
10:38 of 2nd period - Snap shot by J.T. Miller.
10:38 of 2nd period - Stopped by Juuse Saros without a rebound.
10:39 of 2nd period - Boone Jenner wins face-off versus Joel Eriksson Ek in Edmonton Oilers zone.
11:24 of 2nd period - Off-side.
11:25 of 2nd period - Sebastian Aho wins face-off versus Blake Wheeler in neutral zone.
11:58 of 2nd period - Snap shot by Brock Boeser.
11:58 of 2nd period - Shot Blocked by Matthew Tkachuk.
12:00 of 2nd period - Slapshot by Evan Bouchard.
12:00 of 2nd period - Stopped by Ilya Sorokin without a rebound.
12:01 of 2nd period - Boone Jenner wins face-off versus Nic Dowd in Calgary Flames zone.
12:35 of 2nd period - Wrist shot by Jake DeBrusk.
12:35 of 2nd period - Shot Blocked by Matthew Tkachuk.
12:37 of 2nd period - Snap shot by Brandon Carlo.
12:37 of 2nd period - Deflect By David Perron.
12:37 of 2nd period - Stopped by Ilya Sorokin without a rebound.
12:38 of 2nd period - Sebastian Aho wins face-off versus Blake Wheeler in Calgary Flames zone.
12:47 of 2nd period - Wrist shot by Blake Wheeler.
12:47 of 2nd period - Shot Misses the Net.
12:49 of 2nd period - Slapshot by Rasmus Ristolainen.
12:49 of 2nd period - Deflect By Blake Wheeler.
12:49 of 2nd period - Shot Misses the Net.
12:49 of 2nd period - Puck is out of play.
12:50 of 2nd period - Nic Dowd wins face-off versus Mikael Backlund in Calgary Flames zone.
13:03 of 2nd period - Snap shot by Jake DeBrusk.
13:03 of 2nd period - Deflect By David Perron.
13:03 of 2nd period - Goal by David Perron - Calgary Flames : 0 - Edmonton Oilers : 3.
13:04 of 2nd period - Boone Jenner wins face-off versus J.T. Miller in neutral zone.
13:17 of 2nd period - Slapshot by Drew Doughty.
13:17 of 2nd period - Stopped by Juuse Saros with a rebound.
13:33 of 2nd period - Icing by Jake DeBrusk.
13:34 of 2nd period - Mikael Backlund wins face-off versus Rafael Harvey-Pinard in Edmonton Oilers zone.
13:47 of 2nd period - Slapshot by Jake DeBrusk.
13:47 of 2nd period - Deflect By Oliver Bjorkstrand.
13:47 of 2nd period - Stopped by Ilya Sorokin with a rebound.
13:49 of 2nd period - Slapshot by Mikael Backlund.
13:49 of 2nd period - Deflect By David Perron.
13:49 of 2nd period - Shot Misses the Net.
13:49 of 2nd period - Puck is out of play.
13:50 of 2nd period - J.T. Miller wins face-off versus Boone Jenner in Calgary Flames zone.
14:41 of 2nd period - Off-side.
14:42 of 2nd period - Boone Jenner wins face-off versus Sebastian Aho in neutral zone.
14:56 of 2nd period - Snap shot by Boone Jenner.
14:56 of 2nd period - Shot Misses the Net.
14:58 of 2nd period - Snap shot by Rasmus Ristolainen.
14:58 of 2nd period - Stopped by Ilya Sorokin without a rebound.
14:59 of 2nd period - J.T. Miller wins face-off versus Dawson Mercer in Calgary Flames zone.
15:25 of 2nd period - Oliver Bjorkstrand is hit by Scott Mayfield and loses puck.
15:38 of 2nd period - Rasmus Ristolainen is hit by Nic Dowd and loses puck.
16:21 of 2nd period - Snap shot by Oliver Bjorkstrand.
16:21 of 2nd period - Stopped by Juuse Saros with a rebound.
16:29 of 2nd period - Slapshot by Evan Bouchard.
16:29 of 2nd period - Stopped by Ilya Sorokin without a rebound.
16:30 of 2nd period - Mikael Backlund wins face-off versus J.T. Miller in Calgary Flames zone.
16:55 of 2nd period - Brandon Carlo is hit by Timo Meier and loses puck.
17:20 of 2nd period - Snap shot by Derek Grant.
17:20 of 2nd period - Stopped by Ilya Sorokin without a rebound.
17:21 of 2nd period - J.T. Miller wins face-off versus Dawson Mercer in Calgary Flames zone.
17:21 of 2nd period - J.T. Miller is hit by Scott Mayfield.
17:29 of 2nd period - Derek Grant is hit by Matthew Tkachuk and loses puck.
18:10 of 2nd period - Slapshot by Brock Boeser.
18:10 of 2nd period - Stopped by Ilya Sorokin with a rebound.
18:12 of 2nd period - Slapshot by Rasmus Ristolainen.
18:12 of 2nd period - Stopped by Ilya Sorokin with a rebound.
18:18 of 2nd period - Snap shot by Adrian Kempe.
18:18 of 2nd period - Shot Misses the Net.
18:20 of 2nd period - Wrist shot by Boone Jenner.
18:20 of 2nd period - Stopped by Ilya Sorokin without a rebound.
18:21 of 2nd period - Dawson Mercer wins face-off versus J.T. Miller in Calgary Flames zone.
18:24 of 2nd period - Snap shot by Dawson Mercer.
18:24 of 2nd period - Stopped by Ilya Sorokin with a rebound.
18:26 of 2nd period - Wrist shot by Dawson Mercer.
18:26 of 2nd period - Deflect By Derek Grant.
18:26 of 2nd period - Stopped by Ilya Sorokin without a rebound.
18:27 of 2nd period - J.T. Miller wins face-off versus Dawson Mercer in Calgary Flames zone.
18:32 of 2nd period - Snap shot by Matthew Tkachuk.
18:32 of 2nd period - Shot Misses the Net.
19:00 of 2nd period - Snap shot by Timo Meier.
19:00 of 2nd period - Deflect By Sebastian Aho.
19:00 of 2nd period - Stopped by Juuse Saros without a rebound.
19:01 of 2nd period - Nic Dowd wins face-off versus Boone Jenner in Edmonton Oilers zone.
19:10 of 2nd period - Snap shot by Oliver Bjorkstrand.
19:10 of 2nd period - Shot Blocked by Brock Boeser.
19:12 of 2nd period - Minor Penalty to Scott Mayfield for Charging.
19:13 of 2nd period - Mikael Backlund wins face-off versus Sebastian Aho in Edmonton Oilers zone.
19:47 of 2nd period - Icing by Matthew Tkachuk.
19:48 of 2nd period - J.T. Miller wins face-off versus Adrian Kempe in Calgary Flames zone.
Goals for this period are 0 for Calgary Flames vs 2 for Edmonton Oilers.
Shots for this period are 6 for Calgary Flames vs 17 for Edmonton Oilers.
3rd period
0:01 of 3rd period - Timo Meier wins face-off versus Adrian Kempe in neutral zone.
0:04 of 3rd period - Slapshot by Drew Doughty.
0:04 of 3rd period - Shot Misses the Net.
0:10 of 3rd period - Backhand shot by Sebastian Aho.
0:10 of 3rd period - Stopped by Juuse Saros with a rebound.
0:12 of 3rd period - Slapshot by Drew Doughty.
0:12 of 3rd period - Goal by Drew Doughty - Calgary Flames : 1 - Edmonton Oilers : 3.
0:13 of 3rd period - Mikael Backlund wins face-off versus Matthew Tkachuk in neutral zone.
0:38 of 3rd period - Brock Boeser is hit by Rasmus Andersson and loses puck.
1:47 of 3rd period - Wrist shot by Joel Eriksson Ek.
1:47 of 3rd period - Stopped by Juuse Saros without a rebound.
1:48 of 3rd period - Mikael Backlund wins face-off versus Sebastian Aho in Edmonton Oilers zone.
1:50 of 3rd period - Minor Penalty to David Perron for Holding Stick.
1:51 of 3rd period - Sebastian Aho wins face-off versus Brock Boeser in Edmonton Oilers zone.
1:57 of 3rd period - Wrist shot by Sebastian Aho.
1:57 of 3rd period - Shot Misses the Net.
2:16 of 3rd period - Slapshot by Adrian Kempe.
2:16 of 3rd period - Shot Misses the Net.
2:27 of 3rd period - Off-side.
2:28 of 3rd period - Brock Boeser wins face-off versus Sebastian Aho in neutral zone.
2:31 of 3rd period - Timo Meier is hit by Brock Boeser and loses puck.
2:38 of 3rd period - Snap shot by Sebastian Aho.
2:38 of 3rd period - Shot Misses the Net.
2:40 of 3rd period - Wrist shot by Timo Meier.
2:40 of 3rd period - Goal by Timo Meier - Calgary Flames : 2 - Edmonton Oilers : 3.
2:41 of 3rd period - Mikael Backlund wins face-off versus J.T. Miller in neutral zone.
3:06 of 3rd period - Brock Boeser is hit by Jeff Petry.
3:48 of 3rd period - Kris Letang is hit by Dawson Mercer and loses puck.
4:16 of 3rd period - Snap shot by Matthew Tkachuk.
4:16 of 3rd period - Shot Hit the Post.
4:18 of 3rd period - Slapshot by Rasmus Andersson.
4:18 of 3rd period - Stopped by Juuse Saros with a rebound.
4:38 of 3rd period - Snap shot by Brock Boeser.
4:38 of 3rd period - Shot Blocked by Drew Doughty.
4:40 of 3rd period - Slapshot by Rasmus Ristolainen.
4:40 of 3rd period - Shot Misses the Net.
4:42 of 3rd period - Slapshot by Evan Bouchard.
4:42 of 3rd period - Deflect By Brock Boeser.
4:42 of 3rd period - Shot Hit the Post.
4:42 of 3rd period - Puck is out of play.
4:43 of 3rd period - Mikael Backlund wins face-off versus Nic Dowd in Calgary Flames zone.
5:06 of 3rd period - Icing by Oliver Bjorkstrand.
5:07 of 3rd period - Boone Jenner wins face-off versus Nic Dowd in Calgary Flames zone.
5:10 of 3rd period - Wrist shot by Adrian Kempe.
5:10 of 3rd period - Shot Blocked by Jeff Petry.
5:43 of 3rd period - Backhand shot by Rafael Harvey-Pinard.
5:43 of 3rd period - Shot Misses the Net.
5:45 of 3rd period - Snap shot by Oliver Bjorkstrand.
5:45 of 3rd period - Shot Blocked by Brock Boeser.
5:47 of 3rd period - Wrist shot by Oliver Bjorkstrand.
5:47 of 3rd period - Stopped by Juuse Saros with a rebound.
5:49 of 3rd period - Snap shot by Nic Dowd.
5:49 of 3rd period - Stopped by Juuse Saros with a rebound.
5:51 of 3rd period - Snap shot by Rafael Harvey-Pinard.
5:51 of 3rd period - Shot Blocked by Brock Boeser.
5:53 of 3rd period - Slapshot by Nic Dowd.
5:53 of 3rd period - Stopped by Juuse Saros without a rebound.
5:54 of 3rd period - Mikael Backlund wins face-off versus Sebastian Aho in Edmonton Oilers zone.
5:54 of 3rd period - Mikael Backlund is hit by Timo Meier.
6:22 of 3rd period - Alex Iafallo is hit by Kris Letang.
6:49 of 3rd period - Slapshot by Scott Mayfield.
6:49 of 3rd period - Stopped by Ilya Sorokin with a rebound.
6:51 of 3rd period - Slapshot by Brett Pesce.
6:51 of 3rd period - Stopped by Ilya Sorokin without a rebound.
6:52 of 3rd period - Mikael Backlund wins face-off versus Cole Sillinger in Calgary Flames zone.
7:23 of 3rd period - Drew Doughty is hit by Evan Bouchard and loses puck.
7:46 of 3rd period - Wrist shot by Jake DeBrusk.
7:46 of 3rd period - Stopped by Ilya Sorokin without a rebound.
7:47 of 3rd period - Sebastian Aho wins face-off versus Alex Iafallo in Calgary Flames zone.
8:03 of 3rd period - Icing by Blake Wheeler.
8:04 of 3rd period - J.T. Miller wins face-off versus Blake Wheeler in Edmonton Oilers zone.
8:09 of 3rd period - Slapshot by Joel Eriksson Ek.
8:09 of 3rd period - Stopped by Juuse Saros without a rebound.
8:10 of 3rd period - J.T. Miller wins face-off versus Boone Jenner in Edmonton Oilers zone.
8:11 of 3rd period - Snap shot by Matthew Tkachuk.
8:11 of 3rd period - Stopped by Juuse Saros without a rebound.
8:12 of 3rd period - Joel Eriksson Ek wins face-off versus Boone Jenner in Edmonton Oilers zone.
8:25 of 3rd period - Wrist shot by Brock Boeser.
8:25 of 3rd period - Stopped by Ilya Sorokin without a rebound.
8:26 of 3rd period - Sebastian Aho wins face-off versus Blake Wheeler in Calgary Flames zone.
8:26 of 3rd period - Sebastian Aho is hit by Jeff Carter.
8:48 of 3rd period - Minor Penalty to Jacob Middleton for Hooking.
8:49 of 3rd period - Joel Eriksson Ek wins face-off versus Boone Jenner in Calgary Flames zone.
8:54 of 3rd period - Minor Penalty to Boone Jenner for Hooking.
8:55 of 3rd period - Brock Boeser wins face-off versus Timo Meier in Edmonton Oilers zone.
9:32 of 3rd period - Minor Penalty to Adrian Kempe for Holding.
9:33 of 3rd period - Sebastian Aho wins face-off versus Brock Boeser in Edmonton Oilers zone.
10:41 of 3rd period - Off-side.
10:42 of 3rd period - Sebastian Aho wins face-off versus Dawson Mercer in neutral zone.
10:48 of 3rd period - Penalty to Jacob Middleton is over, Jacob Middleton is back on ice.
10:54 of 3rd period - Penalty to Boone Jenner is over, Boone Jenner is back on ice.
10:55 of 3rd period - Slapshot by Evan Bouchard.
10:55 of 3rd period - Shot Misses the Net.
11:13 of 3rd period - Snap shot by Rasmus Ristolainen.
11:13 of 3rd period - Deflect By Sebastian Aho.
11:13 of 3rd period - Stopped by Ilya Sorokin with a rebound.
11:32 of 3rd period - Penalty to Adrian Kempe is over, Adrian Kempe is back on ice.
12:37 of 3rd period - Drew Doughty is hit by Evan Bouchard and loses puck.
12:59 of 3rd period - Matthew Tkachuk is hit by Tanner Jeannot and loses puck.
13:04 of 3rd period - Brett Pesce is hit by J.T. Miller and loses puck.
13:48 of 3rd period - Wrist shot by Blake Wheeler.
13:48 of 3rd period - Stopped by Ilya Sorokin with a rebound.
13:50 of 3rd period - Minor Penalty to Jacob Middleton for Hooking.
13:51 of 3rd period - Mikael Backlund wins face-off versus J.T. Miller in Calgary Flames zone.
15:50 of 3rd period - Penalty to Jacob Middleton is over, Jacob Middleton is back on ice.
16:01 of 3rd period - Drew Doughty is hit by Alex Iafallo and loses puck.
16:17 of 3rd period - Brett Pesce is hit by Cole Sillinger and loses puck.
18:11 of 3rd period - Icing by Yakov Trenin.
18:12 of 3rd period - Boone Jenner wins face-off versus Cole Sillinger in Calgary Flames zone.
18:31 of 3rd period - Icing by Brett Pesce.
18:32 of 3rd period - Nic Dowd wins face-off versus Blake Wheeler in Edmonton Oilers zone.
18:33 of 3rd period - Calgary Flames, Ilya Sorokin is pulled from the net.
18:47 of 3rd period - Wrist shot by Oliver Bjorkstrand.
18:47 of 3rd period - Shot Misses the Net.
18:59 of 3rd period - Wrist shot by Adrian Kempe.
18:59 of 3rd period - Goal by Adrian Kempe - Calgary Flames : 2 - Edmonton Oilers : 4.
18:59 of 3rd period - Ilya Sorokin from Calgary Flames was sent back in the game.
19:00 of 3rd period - Alex Iafallo wins face-off versus Nic Dowd in neutral zone.
19:48 of 3rd period - Wrist shot by Derek Grant.
19:48 of 3rd period - Deflect By Mikael Backlund.
19:48 of 3rd period - Shot Blocked by Kris Letang.
19:48 of 3rd period - Puck is out of play.
19:49 of 3rd period - Sebastian Aho wins face-off versus Mikael Backlund in Calgary Flames zone.
19:49 of 3rd period - Sebastian Aho is hit by Rasmus Ristolainen.
Goals for this period are 2 for Calgary Flames vs 1 for Edmonton Oilers.
Shots for this period are 10 for Calgary Flames vs 7 for Edmonton Oilers.
Back to the Top